 Dungeon Crawl Stone Soup version 0.14-a0-1626-g054e7ae (webtiles) character file.

323 Piginabag the Insei (level 5, 0/41 HPs)
             Began as a Demonspawn Monk on Dec 25, 2013.
             Slain by a wyvern (13 damage)
             ... on Level 4 of the Dungeon.
             The game lasted 00:05:39 (3032 turns).

Piginabag the Insei (Demonspawn Monk)               Turns: 3032, Time: 00:05:39

HP   0/41        AC 13     Str 13      XL: 5   Next: 40%
MP   5/5         EV  4     Int 11      God:
Gold 134         SH  7     Dex 12 (15) Spells:  0 memorised,  4 levels left

rFire  . . .     SeeInvis .       - Unarmed
rCold  . . .     Clarity  .     s - +2 dwarf chain mail {rN+}
rNeg   + . .     Conserve .     y - +0 dwarf buckler
rPois  .         rCorr    .     (no helmet)
rElec  .         rRot     .     (no cloak)
SustAb . .       Spirit   .     f - +1 pair of dwarf gloves
rMut   .         Warding  .     (no boots)
Saprov + . .     Stasis   .     (no amulet)
                                (no ring)
                                (no ring)

@: slightly resistant to hostile enchantments, extremely unstealthy
A: hooves 1, powered by pain 1, saprovore 1
a: no special abilities


You were on level 4 of the Dungeon.
You were not hungry.

You visited 1 branch of the dungeon, and saw 4 of its levels.

You collected 134 gold pieces.

Inventory:

Armour
 f - a +1 pair of dwarven gloves (worn)
 o - a +0 scale mail
 s - a +2 dwarven chain mail of positive energy (worn)
 y - a +0 dwarven buckler (worn)
Comestibles
 b - 3 bread rations
 i - a cheese
 p - 2 chokos
 x - 23 grapes
 z - 2 sultanas
 B - an apple
Scrolls
 c - a scroll of enchant weapon II {unknown}
 e - a scroll of curse weapon {unknown}
 g - a scroll of fog {unknown}
 h - a scroll of noise {unknown}
 k - 3 scrolls of teleportation {unknown}
 l - a scroll of immolation {unknown}
 m - a scroll of enchant armour {unknown}
 n - 2 scrolls of random uselessness {unknown}
 r - a scroll of curse armour {unknown}
 t - 2 scrolls of fear {unknown}
 u - a scroll of recharging {unknown}
 v - a scroll of amnesia {unknown}
 A - a scroll of remove curse {unknown}
Potions
 a - 2 potions of poison {unknown}
 d - 2 potions of restore abilities
 j - a potion of invisibility {unknown}
 q - 2 potions of curing
 w - a potion of mutation {unknown}


   Skills:
 + Level 3.6 Fighting
 + Level 1.7 Armour
 + Level 3.6 Dodging
 + Level 2.1 Stealth
 + Level 0.3 Shields
 + Level 4.5 Unarmed Combat


You had 4 spell levels left.
You didn't know any spells.

Dungeon Overview and Level Annotations

Branches:
Dungeon (4/16)             Temple (0/1) D:4

Altars:


Innate Abilities, Weirdness & Mutations

You have large cloven feet.
You sometimes gain a little power by taking damage.
You can tolerate rotten meat.


Message History

You continue eating.
A wyvern comes into view.
Found a staircase to the Ecumenical Temple.
A wyvern is nearby!
The wyvern bites you!
The wyvern bites you but does no damage.
The wyvern bites you.
You enter the shallow water.
Moving in this stuff is going to be slow.
The wyvern barely misses you.
The wyvern bites you but does no damage.
The wyvern bites you.
The wyvern bites you but does no damage.
There is a staircase to the Ecumenical Temple here.
Drink which item? (? for menu, Esc to quit)
Okay, then.
You enter the shallow water.
Moving in this stuff is going to be slow.
The wyvern bites you!
You die...

#..............#####
#....########..# #....#
#(.## #....#
##...####### #....#
#..≈§≈.....# #....#
#.≈≈§§≈.#..#. #....#
#≈§≈§≈≈≈..... #....#
#§§§D≈§§##... #....#
#≈§≈@≈≈≈# . #....#
#.≈§§§≈...... #..(.#
#..≈§≈......
#....########..........
#......................
#.....................
#....#########.......
#....# #...... #....#
...


You could see a wyvern.

Vanquished Creatures
  3 orc wizards
  A worker ant (D:4)
  An adder (D:2)
  A worm (D:2)
  5 orcs (D:3)
  3 giant cockroaches
  4 hobgoblins
  6 jackals
  8 kobolds
  A quokka (D:3)
  5 bats
  6 giant geckos
  2 giant newts
  7 goblins
  10 rats
63 creatures vanquished.

Notes
Turn   | Place    | Note
--------------------------------------------------------------
     0 | D:1      | Piginabag, the Demonspawn Monk, began the quest for the Orb.
     0 | D:1      | Reached XP level 1. HP: 18/18 MP: 1/1
   170 | D:1      | Gained mutation: You sometimes gain a little power by taking damage. [demonic ancestry]
   170 | D:1      | Reached XP level 2. HP: 9/24 MP: 2/2
   612 | D:1      | Reached skill level 4 in Unarmed Combat
  1041 | D:2      | Gained mutation: You can tolerate rotten meat. [demonic ancestry]
  1041 | D:2      | Reached XP level 3. HP: 29/29 MP: 3/3
  1599 | D:2      | Reached XP level 4. HP: 7/35 MP: 4/4
  2082 | D:3      | HP: 2/54 [something (1)]
  2084 | D:3      | Reached skill level 1 in Armour
  2423 | D:3      | Gained mutation: You have large cloven feet. [demonic ancestry]
  2423 | D:3      | Reached XP level 5. HP: 21/41 MP: 5/5
  3020 | D:4      | Found a staircase to the Ecumenical Temple.
  3020 | D:4      | Noticed a wyvern
  3032 | D:4      | Slain by a wyvern

Action                   |  1- 3 |  4- 6 || total
-------------------------+-------+-------++-------
Melee: Unarmed           |   158 |    94 ||   252
  Use: Potion            |       |     5 ||     5
